 Dungeon Crawl Stone Soup version 0.30-a0-782-ge64f9170bb (webtiles) character file.

Game seed: 18247153347736612852

21 Turgor the Caller (level 2, 0/11 HPs)
             Began as a Felid Summoner on Mar 17, 2023.
             Killed from afar by Natasha (11 damage)
             ... with a magic dart
             ... on level 2 of the Dungeon.
             The game lasted 00:05:39 (1164 turns).

Turgor the Caller (Felid Summoner)                  Turns: 1164, Time: 00:05:40

Health: 0/11       AC:  1    Str:  4    XL:     2   Next: 62%
Magic:  5/6        EV: 17    Int: 16    God:
Gold:   88         SH:  0    Dex: 16    Spells: 2/5 levels left
                                        Lives:  0   Deaths: 0

rFire   . . .      SeeInvis +    (weapon unavailable)
rCold   . . .      Faith    .    (shield unavailable)
rNeg    . . .      Spirit   .    (body armour unavailable)
rPois   .          Reflect  .    (helmet unavailable)
rElec   .          Harm     .    (cloak unavailable)
rCorr   .          Rampage  .    (gloves unavailable)
Will    .....                    (boots unavailable)
Stlth   ++                       (no amulet)
HPRegen 0.21/turn                (no ring)
MPRegen 0.10/turn                (no ring)

@: quick
A: very small, claws 1, fangs 3, see invisible, speed 1, shaggy fur 1, stealthy
paws, no weapons or thrown items, no armour, multi-lived
a: no special abilities


You were on level 2 of the Dungeon.
You visited 1 branch of the dungeon, and saw 2 of its levels.

You collected 88 gold pieces.

Inventory:

Jewellery
 b - a ring of flight
Scrolls
 c - a scroll of identify {unknown}
 d - 2 scrolls of teleportation {unknown}
 e - a scroll of immolation {unknown}
Potions
 a - a potion of magic
 f - a potion of might {unknown}
 g - a potion of haste {unknown}


   Skills:
 - Level 3.0 Dodging
 - Level 3.0 Stealth
 + Level 2.4 Spellcasting
 + Level 4.3 Summonings


You had 2 spell levels left.
You knew the following spells:

 Your Spells              Type           Power      Damage    Failure   Level
a - Summon Small Mammal   Summ           60%        N/A       3%          1
b - Call Imp              Summ           15%        N/A       4%          2

Your spell library contained the following spells:

 Spells                   Type           Power      Damage    Failure   Level
 Call Canine Familiar     Summ           15%        N/A       10%         3
 Summon Guardian Golem    Hex/Summ       8%         N/A       24%         3
 Summon Lightning Spire   Summ/Air       8%         N/A       63%         4


Dungeon Overview and Level Annotations

Branches:
Dungeon (2/15)

Altars:

Annotations:
D:2 Natasha


Innate Abilities, Weirdness & Mutations

You have sharp claws.
You have razor-sharp teeth.
You have supernaturally acute eyesight. (SInv)
You cover ground quickly. (Speed+)
You are covered in fur. (AC +1)
Your paws help you pounce on unaware monsters.
You are incapable of wielding weapons or throwing items.
You cannot wear armour.
You gain extra lives every three experience levels.


Message History

Confirm with . or Enter, or press ? or * to list all spells.
Your crimson imp blinks!
Your bat hits the quokka. The quokka barely misses your bat.
Your crimson imp blinks!
Your bat hits the quokka but does no damage.
Your bat misses the quokka. The quokka bites your bat.
Your bat misses the quokka.
Your bat hits the quokka but does no damage.
Your rat bites the quokka but does no damage.
Your bat closely misses the quokka.
The quokka barely misses your crimson imp.
Your crimson imp blinks!
Your rat misses the quokka. The quokka barely misses your bat.
Your bat hits the quokka but does no damage.
Your bat barely misses the quokka.
Your rat barely misses the quokka.
Natasha, Servant of Life and Death comes into view.
Natasha hisses angrily.
An adder comes into view.
Natasha mumbles some strange words.
You feel disoriented.
You barely miss the quokka.
The quokka is heavily wounded.
Your bat completely misses the quokka.
The quokka misses you.
You closely miss the quokka.
The quokka is heavily wounded.
Your bat closely misses the quokka.
Your crimson imp blinks!
The quokka barely misses you.
Your rat closely misses the quokka.
You miss the quokka.
The quokka is heavily wounded.
Your bat hits the quokka but does no damage.
The quokka closely misses you.
Your rat bites the quokka.
The quokka dies!
Your bat hits Natasha but does no damage.
Natasha casts a spell at you. The magic dart hits you!
Ouch! That really hurt!
You die...

..... .... ...#
##########...#
#............#
##...........
...........##
#...
.......r†...##
+...
#...5...@...####
#...
#..)b§....#....##
##...
#...hS....####..#
#.... #.........#
##.### #....
#..<......#
#...###....
.....#######
###...#.... .#.#.
###...... ..#.
#..........
#........#.


You could see Natasha (ally target), an adder (ally target), a friendly crimson
imp (summoned), a friendly bat (summoned) and a friendly rat (summoned).

Vanquished Creatures
  A ball python (D:1)
  A bat (D:1)
2 creatures vanquished.

Vanquished Creatures (collateral kills)
  3 endoplasms (D:1)
  A giant cockroach (D:2)
  A hobgoblin (D:1)
  2 jackals (D:1)
  2 quokkas
  2 ball pythons
  2 frilled lizards
  2 goblins (D:1)
  A kobold (D:1)
  A rat (D:1)
17 creatures vanquished.

Grand Total: 19 creatures vanquished

Notes
Turn   | Place    | Note
-------+----------+-------------------------------------------
     0 | D:1      | Turgor the Felid Summoner began the quest for the Orb.
     0 | D:1      | Reached XP level 1. HP: 7/7 MP: 4/4
   361 | D:1      | Reached XP level 2. HP: 11/11 MP: 4/6
   364 | D:1      | Learned a level 2 spell: Call Imp
  1159 | D:2      | Noticed Natasha
  1164 | D:2      | Killed from afar by Natasha

Illustrated notes

Levels and vault maps discovered:
D:1:      amcnicky_arrival_underground_garden, layout_loops_cross
D:2:      layout_basic, serial_corexii_hall, chequers_hall_statues_wall_a,
          corexii_hall_statues_t, minmay_misc_feat_hallway, minmay_rat_hole,
          uniq_natasha, uniq_sigmund

Skill      XL: |  1 |
---------------+----+-----
Dodging        | 3 |  3.0
Stealth        | 3 |  3.0
Spellcasting   | |  2.4
Summonings     | |  4.3

Action                     || total
---------------------------++-------
  Melee: Unarmed           ||    11
   Cast: Summon Small Mamm ||    28
         Call Imp          ||     4
 Armour: Skin              ||     1
  Dodge: Dodged            ||    11

Table legend: (Time is in decaauts)
 A = Elapsed time spent in this place.
 B = Non-inter-level travel time spent in this place.
 C = Inter-level travel time spent in this place.
 D = Time resting spent in this place.
 E = Time spent auto-exploring this place.
 F = Levels seen in this place.
 G = Mean time per level.
                   A        B        C        D        E       F      G
               +--------+--------+--------+--------+--------+-----+--------+
         Total |   1000 |    950 |     50 |      4 |    695 |   2 |  500.0 |
       Dungeon |   1000 |    950 |     50 |      4 |    695 |   2 |  500.0 |
               +--------+--------+--------+--------+--------+-----+--------+

Top non-repeatable levels by time:
     D:1: 801 daAuts
     D:2: 199 daAuts
